 Dungeon Crawl Stone Soup version 0.30-b1-2-g02819fbbbe (webtiles) character file.

Game seed: 3585635342774561163

4 raph the Magician (level 1, -1/13 HPs)
             Began as a Demonspawn Hedge Wizard on Nov 12, 2023.
             Slain by a jackal (3 damage)
             ... on level 1 of the Dungeon.
             The game lasted 00:00:25 (152 turns).

raph the Magician (Demonspawn Hedge Wizard)          Turns: 152, Time: 00:00:26

Health: -1/13      AC:  2    Str: 10    XL:     1   Next: 58%
Magic:  4/4        EV: 12    Int: 15    God:
Gold:   0          SH:  0    Dex: 12    Spells: 5/6 levels left

rFire   . . .        a - +0 dagger
rCold   . . .        (no shield)
rNeg    . . .        b - +0 robe
rPois   .            c - +0 hat
rElec   .            (no cloak)
rCorr   .            (no gloves)
SInv    .            (no boots)
Will    .....        (no amulet)
Stlth   ++           (no ring)
HPRegen 0.22/turn    (no ring)
MPRegen 0.09/turn

%: no passive effects
@: no status effects
A: no striking features
a: no special abilities


You were on level 1 of the Dungeon.
You visited 1 branch of the dungeon, and saw 1 of its levels.

Inventory:

Hand Weapons
 a - a +0 dagger (weapon)
Armour
 b - a +0 robe (worn)
 c - a +0 hat (worn)
Jewellery
 e - an amulet of reflection


   Skills:
 + Level 1.8 Dodging
 + Level 1.8 Stealth
 + Level 3.0 Spellcasting
 + Level 1.1 Conjurations
 + Level 1.1 Summonings
 + Level 1.0 Translocations


You had 5 spell levels left.
You knew the following spells:

 Your Spells              Type           Power      Damage    Failure   Level
a - Magic Dart            Conj           20%        1d4       13%         1

Your spell library contained the following spells:

 Spells                   Type           Power      Damage    Failure   Level
 Call Imp                 Summ           10%        N/A       19%         2
 Slow                     Hex            8%         N/A       21%         1
 Blink                    Tloc           10%        N/A       21%         2
 Cigotuvi's Dreadful Rot  Necr/Pois/Air  4%         N/A       30%         2
 Mephitic Cloud           Conj/Pois/Air  3%         N/A       45%         3


Dungeon Overview and Level Annotations

Branches:
Dungeon (1/15)

Altars:


Message History

A jackal comes into view.
Aiming: Magic Dart (safe; 13% risk of failure)
Press: ? - help, Q - select action Shift-Dir - straight line, f/p - bat
Aim: a bat (heavily wounded, 100% to hit)
The magic dart hits the bat.
The bat is severely wounded.
The bat closely misses you. The bat hits you. The bat misses you.
The bat hits you but does no damage.
There is an open door here.
The jackal attacks as you move away!
The jackal bites you but does no damage.
The bat hits you but does no damage.
Aiming: Magic Dart (safe; 13% risk of failure)
Press: ? - help, Q - select action Shift-Dir - straight line, f/p - bat
Aim: a bat (heavily wounded, 100% to hit)
The magic dart hits the bat.
You kill the bat!
The jackal bites you but does no damage.
The jackal barely misses you. The jackal attacks as you move away!
The jackal barely misses you.
Your magical contamination has completely faded away.
The jackal bites you. The jackal attacks as you move away!
The jackal closely misses you. The jackal barely misses you.
The jackal attacks as you move away! The jackal bites you.
The jackal attacks as you move away! The jackal bites you. x2
You see here a +0 scale mail.
Aiming: Magic Dart (safe; 13% risk of failure)
Press: ? - help, Q - select action Shift-Dir - straight line, f - jackal
Aim: a jackal (100% to hit)
The magic dart hits the jackal.
The jackal is almost dead.
The jackal closely misses you. The jackal attacks as you move away!
The jackal bites you.
* * * LOW HITPOINT WARNING * * *
The jackal bites you.
* * * LOW HITPOINT WARNING * * *
Magic courses through your body. The jackal bites you.
You die...

......h....##
.####.####..#
####################†####
........................#
##).####...'####..#####.#
#..####...## #..## #h#
##..##'#...#####..'# #.#
..............)..h#####.#
...###'#........@h[.K...#
...# ###....####'.#####.#
.<.# #....# ##.'# #.#
...#####.)..#####.#####.#
........†...............#
###################'#####
....†.......#
##......##### ...######


You could see 2 jackals and a kobold.

Vanquished Creatures
  A bat (D:1)
  A goblin (D:1)
  A quokka (D:1)
  A frilled lizard (D:1)
4 creatures vanquished.

Notes
Turn   | Place    | Note
-------+----------+-------------------------------------------
     0 | D:1      | raph the Demonspawn Hedge Wizard began the quest for the
                  | Orb.
     0 | D:1      | Reached XP level 1. HP: 13/13 MP: 4/4
    19 | D:1      | Reached skill level 1 in Translocations
   152 | D:1      | Slain by a jackal

Illustrated notes

Levels and vault maps discovered:
D:1:      shiori_angband_town, layout_rooms, serial_shops, shop,
          chequers_serial_rivers_micro_a, minmay_misc_feat_diagonals,
          minmay_heptomino_w4

Skill      XL: |  1 |
---------------+----+-----
Translocations | 1 |  1.0
Dodging        | |  1.8
Stealth        | |  1.8
Spellcasting   | |  3.0
Conjurations   | |  1.1
Summonings     | |  1.1

Action                     || total
---------------------------++-------
  Melee: Dagger            ||     7
   Cast: Magic Dart        ||     8
    Use: Potion            ||     1
 Armour: Robe              ||     4
  Dodge: Dodged            ||    14
